 Dungeon Crawl Stone Soup version 0.31.0-12-g77e489cdc1 (webtiles) character file.

Game seed: 9734918956681100232

2036 lordive the Martial Artist (level 9, -1/49 HPs)
             Began as an Octopode Shapeshifter on Mar 2, 2024.
             Killed from afar by an electric eel (6 damage)
             ... with a bolt of electricity
             ... on level 6 of the Dungeon.
             The game lasted 00:11:11 (5503 turns).

lordive the Martial Artist (Octopode Shapeshifter)  Turns: 5503, Time: 00:11:13

Health: -1/49      AC:  7    Str: 18    XL:     9   Next: 24%
Magic:  9/9        EV: 11    Int: 12    God:
Gold:   390        SH:  0    Dex: 16    Spells: 8/8 levels left

rFire   . .          .
                       - Unarmed
rCold   . . .        (shield currently unavailable)
rNeg    . . .        (helmet currently unavailable)
rPois   +            (no amulet)
rElec   .            d - ring of flight
rCorr   .            (no ring)
SInv    .            (no ring)
Will    .....        (no ring)
Stlth   +            (no ring)
HPRegen 0.28/turn    (no ring)
MPRegen 0.11/turn    (no ring)
                     (no ring)

%: no passive effects
@: snake-form, flying
A: constrict, reduced hp, almost no armour, amphibious, 8 rings, large,
(camouflage 1), (gelatinous body 1), (nimble swimmer 1), (tentacles), (tentacle
spike 1), inability to read after injury 1
a: Begin Untransformation


You were on level 6 of the Dungeon.
You were an enormous serpent.
You visited 1 branch of the dungeon, and saw 6 of its levels.
You also visited: Ossuary.

You collected 390 gold pieces.

Inventory:

Armour
 j - a +0 cloak
Magical Staves
 y - a staff of conjuration
Jewellery
 d - a ring of flight (left tentacle)
Talismans
 b - a beast talisman
 c - a flux talisman
 o - a serpent talisman (active)
Wands
 r - a wand of acid (13)
Scrolls
 e - a scroll of brand weapon {unknown}
 f - 5 scrolls of identify {unknown}
 g - 3 scrolls of vulnerability {unknown}
 h - 5 scrolls of teleportation {unknown}
 k - 3 scrolls of fear {unknown}
 m - 2 scrolls of poison {unknown}
 t - 2 scrolls of amnesia {unknown}
 u - a scroll of noise {unknown}
 w - a scroll of silence {unknown}
 x - a scroll of immolation {unknown}
Potions
 a - a potion of lignification
 i - 2 potions of ambrosia
 l - a potion of might {unknown}
 n - a potion of magic {unknown}
 p - 2 potions of degeneration {unknown}
 q - 2 potions of mutation
 s - a potion of haste {unknown}
 v - 2 potions of enlightenment {unknown}
 z - a potion of heal wounds {unknown}
 A - a potion of curing {unknown}


   Skills:
 + Level 2.3 Fighting
 + Level 4.2 Dodging
 + Level 8.6 Unarmed Combat
 * Level 7.5 Shapeshifting


You had 8 spell levels left.
You didn't know any spells.
Your spell library contained the following spells:

 Spells                   Type           Power      Damage    Failure   Level
 Foxfire                  Conj/Fire      0%         2x1d4     32%         1
 Freeze                   Ice            0%         1d3       32%         1
 Slow                     Hex            0%         N/A       32%         1
 Dazzling Flash           Conj/Hex       0%         N/A       69%         3
 Stone Arrow              Conj/Erth      0%         3d7       69%         3
 Volatile Blastmotes      Fire/Tloc      0%         2d10      69%         3
 Summon Forest            Summ/Tloc      0%         N/A       100%        5
 Summon Mana Viper        Hex/Summ       0%         N/A       100%        5
 Starburst                Conj/Fire      0%         6d3       100%        6
 Summon Cactus Giant      Summ           0%         N/A       100%        6
 Lehudib's Crystal Spear  Conj/Erth      0%         10d2      100%        8
 Maxwell's Capacitive Co  Air            0%         ∞         100%        8
 Animate Armour           Summ/Erth      Unusable   N/A       N/A         4

Dungeon Overview and Level Annotations

Branches:
Dungeon (6/15)             Temple (0/1) D:4         Ossuary (visited)

Altars:
Ashenzari
Elyvilon
Fedhas
Makhleb
Sif Muna

Annotations:
D:3 2 transporters, lordive's ghost, amateur OpSh
D:6 1 runed translucent door, kftrendy's ghost, novice TrFi


Innate Abilities, Weirdness & Mutations

You are an enormous serpent.
You have a powerful constriction melee attack.
Your maximum health is decreased, since you lack skill for your form.
Your armour is entirely melded.
You are incapable of wielding weapons or throwing items.
You cannot wear most types of armour.
You are amphibious.
You can wear up to eight rings at the same time.
((Your skin changes colour to match your surroundings (Stealth+).))
((Your rubbery body absorbs attacks. (AC +1, EV +1)))
((You are camouflaged when in or above water. (Stealth+)))
((You have tentacles for arms and can constrict up to eight enemies at once.))
((One of your tentacles bears a spike.))
You occasionally lose the ability to read scrolls when taking damage.


Message History

You barely miss the adder.
The adder is lightly wounded.
You constrict the adder. The adder closely misses you.
You hit the adder.
The adder is severely wounded.
You constrict the adder. The adder bites you.
You body-slam the adder!!
You kill the adder!
No target in view!
You see here an adder corpse.
An electric eel comes into view.
An electric eel is nearby!
An electric eel is nearby!
An electric eel is nearby!
You see here an adder corpse.
What are your orders? t - Hiss!
Orders for allies: a - Attack new target. r - Retreat! s - Stop attacking. g - Guard the area. f - Follow me.
Anything else - Cancel.
You hiss for attention!
The electric eel shoots out a bolt of lightning at you!
The bolt of electricity hits you!
The electric eel shoots out a bolt of lightning at you!
The bolt of electricity hits you!
The electric eel shoots out a bolt of lightning at you!
The bolt of electricity hits you.
You are too injured to fight recklessly!
The electric eel shoots out a bolt of lightning at you!
The bolt of electricity misses you. The bolt of electricity hits you!
* * * LOW HITPOINT WARNING * * *
Unknown command.
You miss the electric eel. You grab the electric eel.
You constrict the electric eel.
The electric eel shoots out a bolt of lightning at you!
The bolt of electricity hits you.
* * * LOW HITPOINT WARNING * * *
The bolt of electricity hits you.
You die...

..............##.......#
...............#.......#
..)...............##...#
.............#.....#...#
♣~♣♣~.....~♣♣##..###...#
PP~~~♣.♣♣♣♣♣♣~<...###.†##
~~~~~♣♣♣♣~~~~♣♣....#....#
~~~~~P~PP~~~~P~♣..♣♣...##
................S.P~♣...#
P~~~P~~~~~≈~PP~S.~~~~~..#
~~PPP~~~~≈~P~~P~.~~~~~P.#
♣~~~~~♣~~P÷~~~~~.~~~~~~♣.
.♣~♣♣♣...~♣♣♣~~~.~≈≈~P~~♣#
#.........♣♣♣♣~~.≈≈≈~≈~~
#......†...♣ ♣~~.≈≈≈~≈~~
.......###.♣ ♣~~.~≈~≈≈≈~
##..##.## .♣ P~~.~~~~~


You could see an electric eel.

Vanquished Creatures
  Eustachio (D:4)
  Menkaure (D:6)
  A water moccasin (D:6)
  An ice beast (D:5)
  An orc warrior (D:6)
  An ogre (D:6)
  A phantom (D:5)
  A kobold brigand (D:5)
  An elf zombie (Ossuary)
  2 bullfrogs
  A scorpion (D:6)
  2 electric eels (D:6)
  2 bombardier beetles
  2 centaur zombies (Ossuary)
  4 hounds
  3 human zombies (Ossuary)
  2 orc priests (D:5)
  Crazy Yiuf (D:2)
  4 iguanas
  Jessica (D:2)
  2 orc wizards
  3 hound zombies (Ossuary)
  2 mummies (Ossuary)
  3 gnolls (D:5)
  10 adders
  6 adder zombies (Ossuary)
  3 dart slugs
  2 ribbon worms
  13 orcs
  7 endoplasms
  2 giant cockroaches
  6 gnoll zombies (Ossuary)
  10 goblins
  10 hobgoblins
  5 jackals (D:4)
  A quokka (D:5)
  8 ball pythons
  2 bats
  7 frilled lizards
  3 jackal zombies (Ossuary)
  17 kobolds
  7 kobold zombies (Ossuary)
  6 orc zombies (Ossuary)
  6 rats
174 creatures vanquished.

Notes
Turn   | Place    | Note
-------+----------+-------------------------------------------
     0 | D:1      | lordive the Octopode Shapeshifter began the quest for the
                  | Orb.
     0 | D:1      | Reached XP level 1. HP: 13/13 MP: 1/1
    81 | D:1      | Reached XP level 2. HP: 16/18 MP: 2/2
   372 | D:1      | Got Caczecas's Wizardry for Apprentices
   452 | D:1      | Reached XP level 3. HP: 20/23 MP: 3/3
   870 | D:2      | Noticed Jessica
   877 | D:2      | Killed Jessica
   878 | D:2      | Reached XP level 4. HP: 15/28 MP: 4/4
  1320 | D:2      | Reached XP level 5. HP: 31/33 MP: 5/5
  1370 | D:2      | Found a runed translucent door.
  1371 | D:2      | Noticed Crazy Yiuf
  1652 | D:2      | Killed Crazy Yiuf
  1653 | D:2      | Reached skill level 4 in Unarmed Combat
  1745 | D:3      | Found a transporter.
  1748 | D:3      | Noticed lordive's ghost (amateur OpSh)
  2074 | D:3      | Reached XP level 6. HP: 27/38 MP: 6/6
  2223 | D:3      | Found a transporter.
  2713 | D:4      | Noticed Eustachio
  2723 | D:4      | Killed Eustachio
  2724 | D:4      | Reached skill level 5 in Unarmed Combat
  2734 | D:4      | Found a staircase to the Ecumenical Temple.
  2801 | D:4      | Found a blossoming altar of Fedhas.
  2816 | D:4      | Reached skill level 5 in Shapeshifting
  2856 | D:4      | Found a white marble altar of Elyvilon.
  2962 | D:4      | Found a broken altar of Ashenzari.
  3138 | D:4      | Found a shimmering blue altar of Sif Muna.
  3243 | D:5      | Entered Level 5 of the Dungeon
  3271 | D:5      | Reached XP level 7. HP: 43/43 MP: 7/7
  3305 | D:5      | Found a burning altar of Makhleb.
  3481 | D:5      | Reached skill level 6 in Unarmed Combat
  3529 | D:5      | Found a sand-covered staircase.
  3552 | Ossuary  | Entered an ossuary
  3938 | Ossuary  | Reached XP level 8. HP: 16/49 MP: 8/8
  4141 | D:5      | Reached skill level 7 in Unarmed Combat
  4682 | D:6      | Noticed Menkaure
  4688 | D:6      | Killed Menkaure
  4951 | D:6      | HP: 2/40 [water moccasin (5)]
  4953 | D:6      | Reached skill level 8 in Unarmed Combat
  4961 | D:6      | Gained mutation: You occasionally lose the ability to read
                  | scrolls when taking damage. [potion of mutation]
  4961 | D:6      | Gained mutation: One of your tentacles bears a spike.
                  | [potion of mutation]
  5054 | D:6      | Reached XP level 9. HP: 45/54 MP: 9/9
  5423 | D:6      | Found a runed translucent door.
  5427 | D:6      | Noticed kftrendy's ghost (novice TrFi)
  5503 | D:6      | Killed from afar by an electric eel

Illustrated notes

Levels and vault maps discovered:
D:1:      dpeg_arrival_rooms_a, layout_loops_ring, serial_glass,
          glass_columns_a, glass_columns_a, minmay_strange_pillars,
          minmay_strange_pillars, lexackson_kobold_supper
D:2:      layout_loops_ring, chequers_serial_rivers_marsh,
          minmay_indecisive_spiral, uniq_jessica, uniq_crazy_yiuf_cottage
D:3:      layout_loops_ring, gammafunk_ghost_stat_death
D:4:      layout_basic, nicolae_ashenzari_skybound,
          hellmonk_sif_muna_bookshelves, nicolae_elyvilon_peaceful_grove,
          fedhas_altar_2, minmay_surrounded, uniq_eustachio
D:5:      layout_loops_ring, mainiacjoe_overflow_boulevard, enter_ossuary_1
D:6:      layout_cave_pools, gammafunk_ghost_grave, serial_bayou_lagoon_b,
          uniq_menkaure

Skill      XL: |  1  2  3  4  5  6  7  8  9 |
---------------+----------------------------+-----
Shapeshifting  | 4 5 7 |  7.5
Unarmed Combat | 4 5 6 8 |  8.6
Dodging        | 3 4 |  4.2
Fighting       | 2 |  2.3

Action                     |  1- 3 |  4- 6 |  7- 9 || total
---------------------------+-------+-------+-------++-------
  Melee: Unarmed           |    52 |   111 |   225 ||   388
         Tentacles         |     9 |    21 |     7 ||    37
         Constrict         |    10 |    33 |    64 ||   107
         Punch             |       |     7 |     2 ||     9
Ability: Begin Untransform |       |       |     1 ||     1
    Use: Potion            |       |       |     2 ||     2
   Stab: Sleeping          |     7 |     6 |     3 ||    16
         Distracted        |     1 |     1 |       ||     2
 Armour: Skin              |    13 |    42 |   145 ||   200
  Dodge: Dodged            |    27 |    63 |   107 ||   197
   Form: Serpent           |       |       |     1 ||     1
